 Seeded DCSS version 0.29-a0-284-gf9362112df (webtiles) character file.

Game seed: 6601614366140043139 (custom seed)

28 oldmanjim the Poker (level 3, 0/30 HPs)
             Began as a Merfolk Monk on Mar 26, 2022.
             Slain by an iguana (7 damage)
             ... on level 2 of the Dungeon.
             The game lasted 00:08:38 (928 turns).

oldmanjim the Poker (Merfolk Monk)                   Turns: 928, Time: 00:08:39

Health: 0/30       AC:  5    Str: 13    XL:     3   Next: 14%
Magic:  3/3        EV: 12    Int:  9    God:
Gold:   62         SH:  0    Dex: 16    Spells: 2/2 levels left

rFire   . . .      SeeInvis .   a - +0 spear
rCold   . . .      Faith    .   (no shield)
rNeg    . . .      Spirit   .   d - +0 ring mail
rPois   .          Reflect  .   (no helmet)
rElec   .          Harm     .   (no cloak)
rCorr   .          Rampage  .   (no gloves)
Will    .....                   (no boots)
Stlth   ++........              (no amulet)
HPRegen 0.10/turn               (no ring)
MPRegen 0.08/turn               (no ring)

@: no status effects
A: (nimble swimmer 2), mertail
a: no special abilities


You were on level 2 of the Dungeon.
You visited 1 branch of the dungeon, and saw 2 of its levels.

You collected 62 gold pieces.

Inventory:

Hand Weapons
 a - a +0 spear (weapon)
 b - a +0 hunting sling
Missiles
 h - 5 boomerangs (quivered)
Armour
 d - a +0 ring mail (worn)
 i - a +0 robe
Scrolls
 e - 2 scrolls of vulnerability {unknown}
 f - a scroll of enchant armour {unknown}
 g - 2 scrolls of identify {unknown}
Potions
 c - a potion of ambrosia


   Skills:
 - Level 4.0 Fighting
 + Level 4.5 Polearms
 - Level 4.0 Dodging
 + Level 2.7 Stealth


You had 2 spell levels left.
You didn't know any spells.
Your spell library contained the following spells:

 Spells                   Type           Power      Damage    Failure   Level
 Summon Guardian Golem    Hex/Summ       0%         N/A       95%         3
 Orb of Destruction       Conj           0%         9d5       100%        7
 Spellforged Servitor     Conj/Summ      0%         N/A       100%        7


Dungeon Overview and Level Annotations

Branches:
Dungeon (2/15)

Altars:


Innate Abilities, Weirdness & Mutations

((You are very nimble when in or above water. (Stealth+, EV+, Speed+++)))
Your lower body shifts to a powerful aquatic tail in water.


Message History

You hit the iguana.
The iguana is moderately wounded.
The iguana bites you.
You hit the iguana but do no damage.
The iguana is moderately wounded.
The iguana bites you.
You barely miss the iguana.
The iguana is moderately wounded.
The iguana bites you but does no damage.
You barely miss the iguana.
The iguana is moderately wounded.
The iguana barely misses you.
You barely miss the iguana.
The iguana is moderately wounded.
The iguana bites you.
You barely miss the iguana.
The iguana is moderately wounded.
The iguana misses you.
You closely miss the iguana.
The iguana is moderately wounded.
You barely miss the iguana.
The iguana is moderately wounded.
The iguana bites you but does no damage.
You hit the iguana but do no damage.
The iguana is moderately wounded.
The iguana misses you.
You hit the iguana.
The iguana is moderately wounded.
The iguana barely misses you.
You hit the iguana.
The iguana is moderately wounded.
The iguana barely misses you.
You barely miss the iguana.
The iguana is moderately wounded.
The iguana bites you!
* * * LOW HITPOINT WARNING * * *
The iguana attacks as you move away! The iguana closely misses you.
The iguana hisses menacingly.
The iguana bites you!
You die...

..#####........###.....#.........
...............'.......'>........
......+##......#########.........
..#.##.##......# #....#.........
#...# .######### #....#.........
#.... .#.......# #....#....#####
...... #.......# #....####.#
#......#.......####....####.#
..'........@.'....'.##.#
#.......l###....#.##.#
..#........###....#.##.#
....$......#........##.#
.............#########.#
.......................#
........#....###########
#.......#....# .......$#....#


You could see an iguana.

Vanquished Creatures
  2 dart slugs (D:1)
  2 bats
  6 endoplasms
  A giant cockroach (D:1)
  2 hobgoblins (D:1)
  A quokka (D:1)
  3 frilled lizards (D:1)
  A goblin (D:2)
  2 kobolds
  4 rats
24 creatures vanquished.

Notes
Turn   | Place    | Note
-------+----------+-------------------------------------------
     0 | D:1      | oldmanjim the Merfolk Monk began the quest for the Orb.
     0 | D:1      | Reached XP level 1. HP: 18/18 MP: 1/1
   228 | D:1      | Reached XP level 2. HP: 19/24 MP: 2/2
   764 | D:2      | Found a faded altar of an unknown god.
   810 | D:2      | Reached XP level 3. HP: 30/30 MP: 3/3
   928 | D:2      | Slain by an iguana

Illustrated notes

Levels and vault maps discovered:
D:1:      dpeg_arrival_court, layout_basic
D:2:      layout_basic, nicolae_ecumenical_pavilion, minmay_unequal

Skill      XL: |  1  2 |
---------------+-------+-----
Fighting       | 4 |  4.0
Polearms       | |  4.5
Dodging        | |  4.0
Stealth        | |  2.7

Action                   || total
-------------------------++-------
Melee: Spear             ||    94
 Fire: Hunting sling     ||    12
 Stab: Sleeping          ||     3
Armor: Ring mail         ||    15
Dodge: Dodged            ||    48

Table legend: (Time is in decaauts)
 A = Elapsed time spent in this place.
 B = Non-inter-level travel time spent in this place.
 C = Inter-level travel time spent in this place.
 D = Time resting spent in this place.
 E = Time spent auto-exploring this place.
 F = Levels seen in this place.
 G = Mean time per level.
                   A        B        C        D        E       F      G
               +--------+--------+--------+--------+--------+-----+--------+
         Total |    921 |    912 |      9 |      0 |    702 |   2 |  460.5 |
       Dungeon |    921 |    912 |      9 |      0 |    702 |   2 |  460.5 |
               +--------+--------+--------+--------+--------+-----+--------+

Top non-repeatable levels by time:
     D:1: 755 daAuts
     D:2: 166 daAuts
